 Dungeon Crawl Stone Soup version 0.29-a0-1016-g236c7fd91e (webtiles) character file.

Game seed: 9164732438049227689

53 drpainis the Sneak (level 3, -8/16 HPs)
             Began as a Spriggan Enchanter on Aug 9, 2022.
             Killed from afar by Sigmund (9 damage)
             ... with a magic dart
             ... on level 2 of the Dungeon.
             The game lasted 00:02:44 (1444 turns).

drpainis the Sneak (Spriggan Enchanter)             Turns: 1444, Time: 00:02:44

Health: -8/16      AC:  2    Str:  4    XL:     3   Next: 64%
Magic:  6/8        EV: 17    Int: 18    God:
Gold:   60         SH:  0    Dex: 15    Spells: 2/7 levels left

rFire   . . .      SeeInvis +   a - +1 dagger
rCold   . . .      Faith    .   (no shield)
rNeg    . . .      Spirit   .   b - +0 robe
rPois   .          Reflect  .   (helmet restricted)
rElec   .          Harm     .   (no cloak)
rCorr   +          Rampage  .   (gloves unavailable)
Will    .....                   (boots unavailable)
Stlth   +++.......              (no amulet)
HPRegen 0.05/turn               j - ring of resist corrosion
MPRegen 0.11/turn               (no ring)

@: very quick
A: very small, no large weapons, unfitting armour, see invisible, speed 3
a: no special abilities


You were on level 2 of the Dungeon.
You visited 1 branch of the dungeon, and saw 2 of its levels.

You collected 60 gold pieces.

Inventory:

Hand Weapons
 a - a +1 dagger (weapon)
Armour
 b - a +0 robe (worn)
Jewellery
 j - a ring of resist corrosion (left hand)
Scrolls
 e - 3 scrolls of identify {unknown}
 h - 4 scrolls of teleportation {unknown}
 i - a scroll of fear {unknown}
 k - a scroll of silence {unknown}
 n - a scroll of enchant weapon {unknown}
Potions
 c - 3 potions of invisibility
 d - 2 potions of mutation {unknown}
 f - a potion of might {unknown}
 g - a potion of attraction {unknown}
 l - a potion of degeneration {unknown}
 m - a potion of berserk rage {unknown}


   Skills:
 + Level 1.4 Short Blades
 + Level 3.2 Dodging
 + Level 5.5 Stealth
 + Level 2.8 Spellcasting
 + Level 4.5 Hexes


You had 2 spell levels left.
You knew the following spells:

 Your Spells              Type           Power      Damage    Failure   Level
a - Ensorcelled Hibernat  Hex/Ice        20%        N/A       10%         2
b - Confusing Touch       Hex            18%        N/A       8%          3

Your spell library contained the following spells:

 Spells                   Type           Power      Damage    Failure   Level
 Tukima's Dance           Hex            18%        N/A       8%          3
 Dazzling Flash           Conj/Hex       20%        N/A       21%         3


Dungeon Overview and Level Annotations

Branches:
Dungeon (2/15)

Altars:

Shops:
D:2 !

Annotations:
D:2 Sigmund


Innate Abilities, Weirdness & Mutations

You are very small and have problems with some larger weapons.
You are too small for most types of armour.
You have supernaturally acute eyesight. (SInv)
You cover ground extremely quickly. (Speed+++)


Message History

Casting: Ensorcelled Hibernation (safe; 10% risk of failure)
Confirm with . or Enter, or press ? or * to list all spells.
Aiming: Ensorcelled Hibernation (safe; 10% risk of failure)
Press: ? - help, Shift-Dir - straight line, f - Sigmund
Aim: Sigmund, wielding a +0 scythe, wearing a +0 robe and carrying a wand of polymorph (3) (lightly wounded, chance to affect: 52%) Sigmund looks drowsy...
The helpless Sigmund fails to defend himself.
You impale Sigmund!!
Sigmund is almost dead.
Sigmund zaps a wand.
You resist with some effort.
You hit Sigmund.
Sigmund is almost dead.
You hit Sigmund but do no damage.
Sigmund is almost dead.
Sigmund points at you and mumbles some strange words.
The magic dart hits you.
You closely miss Sigmund.
Sigmund is almost dead.
Sigmund drinks a potion.
Sigmund suddenly seems more resistant.
Casting: Ensorcelled Hibernation (safe; 10% risk of failure)
Confirm with . or Enter, or press ? or * to list all spells.
Aiming: Ensorcelled Hibernation (safe; 10% risk of failure)
Press: ? - help, Shift-Dir - straight line, f - you, p - Sigmund That would be overly suicidal.
Okay, then.
You barely miss Sigmund.
Sigmund is almost dead.
Sigmund hits you with a +0 scythe!
Ouch! That really hurt!
* * * LOW HITPOINT WARNING * * *
Casting: Ensorcelled Hibernation (safe; 10% risk of failure)
Confirm with . or Enter, or press ? or * to list all spells.
The spell is extremely dangerous to miscast (8% risk of failure)!
Continue anyway? [Y]es or [N]o only, please.
The spell is extremely dangerous to miscast (8% risk of failure)!
Continue anyway?
Okay, then.
Sigmund casts a spell at you. The magic dart hits you!
Ouch! That really hurt!
You die...

.............................
###..#..##...................
##........................#
...#.....#....#.##....>.##
.##.......#....#.##......# .
...##......##....##..
##......#...## ##
#...##.###.# #..@##.###..
###........ #..##.##.. #@.##
.# #.## .. .. #.# #= ..


You could see Sigmund (resistant).

Vanquished Creatures
  2 adders
  3 dart slugs
  A ball python (D:1)
  An endoplasm (D:1)
  A giant cockroach (D:1)
  4 goblins
  5 hobgoblins (D:1)
  4 kobolds (D:1)
  A quokka (D:1)
  4 bats
  2 frilled lizards
  A rat (D:1)
29 creatures vanquished.

Notes
Turn   | Place    | Note
-------+----------+-------------------------------------------
     0 | D:1      | drpainis the Spriggan Enchanter began the quest for the
                  | Orb.
     0 | D:1      | Reached XP level 1. HP: 9/9 MP: 5/5
   117 | D:1      | Reached XP level 2. HP: 10/13 MP: 6/6
   135 | D:1      | Reached skill level 5 in Stealth
   526 | D:1      | Found a faded altar of an unknown god.
   820 | D:1      | Reached XP level 3. HP: 16/16 MP: 8/8
  1057 | D:1      | Learned a level 2 spell: Ensorcelled Hibernation
  1061 | D:1      | Learned a level 3 spell: Confusing Touch
  1354 | D:2      | Found Rainidd's Distillery.
  1433 | D:2      | Noticed Sigmund
  1444 | D:2      | Killed from afar by Sigmund

Illustrated notes

Levels and vault maps discovered:
D:1:      minmay_arrival_hallway, layout_rooms,
          hellmonk_ecumenical_altar_lost_god
D:2:      minmay_angry_zag, layout_rooms, serial_shops, shop_fountains,
          minmay_pentomino_pile, uniq_natasha, uniq_sigmund

Skill      XL: |  1  2 |
---------------+-------+-----
Hexes          | 4 |  4.5
Stealth        | 5 |  5.5
Dodging        | 3 |  3.2
Short Blades   | |  1.4
Spellcasting   | |  2.8

Action                   || total
-------------------------++-------
Melee: Dagger            ||    91
       Punch             ||     2
 Cast: Ensorcelled Hiber ||     7
 Stab: Sleeping          ||    13
Armor: Robe              ||     7
Dodge: Dodged            ||    78

Table legend: (Time is in decaauts)
 A = Elapsed time spent in this place.
 B = Non-inter-level travel time spent in this place.
 C = Inter-level travel time spent in this place.
 D = Time resting spent in this place.
 E = Time spent auto-exploring this place.
 F = Levels seen in this place.
 G = Mean time per level.
                   A        B        C        D        E       F      G
               +--------+--------+--------+--------+--------+-----+--------+
         Total |   1224 |   1211 |     13 |    738 |    215 |   2 |  612.0 |
       Dungeon |   1224 |   1211 |     13 |    738 |    215 |   2 |  612.0 |
               +--------+--------+--------+--------+--------+-----+--------+

Top non-repeatable levels by time:
     D:1: 1096 daAuts
     D:2: 127 daAuts
